 Dungeon Crawl Stone Soup version 0.29.1-15-g9cfb28693d (webtiles) character file.

Game seed: 12375133951415048479

7 growler the Ruffian (level 1, 0/16 HPs)
             Began as a Draconian Transmuter on Feb 21, 2023.
             Slain by a ball python (2 damage)
             ... on level 1 of the Dungeon.
             The game lasted 00:00:24 (72 turns).

growler the Ruffian (Draconian Transmuter)            Turns: 72, Time: 00:00:24

Health: 0/16       AC:  4    Str: 12    XL:     1   Next: 83%
Magic:  3/3        EV: 12    Int: 13    God:
Gold:   0          SH:  0    Dex: 11    Spells: 3/4 levels left

rFire   . . .      SeeInvis .     - Unarmed
rCold   . . .      Faith    .   (no shield)
rNeg    . . .      Spirit   .   (body armour unavailable)
rPois   .          Reflect  .   (helmet restricted)
rElec   .          Harm     .   (no cloak)
rCorr   .          Rampage  .   (no gloves)
Will    .....                   (no boots)
Stlth   +.........              (no amulet)
HPRegen 0.05/turn               (no ring)
MPRegen 0.08/turn               (no ring)

@: no status effects
A: AC +4, unfitting armour, cold-blooded
a: no special abilities


You were on level 1 of the Dungeon.
You visited 1 branch of the dungeon, and saw 1 of its levels.

Inventory:

Potions
 a - a potion of lignification


   Skills:
 - Level 1.1 Fighting
 - Level 1.7 Dodging
 + Level 3.1 Unarmed Combat
 + Level 2.2 Spellcasting
 + Level 2.2 Transmutations


You had 3 spell levels left.
You knew the following spells:

 Your Spells              Type           Power      Damage    Failure   Level
a - Beastly Appendage     Tmut           14%        N/A       10%         1

Your spell library contained the following spells:

 Spells                   Type           Power      Damage    Failure   Level
 Wereblood                Tmut           7%         N/A       16%         2
 Spider Form              Tmut/Pois      4%         N/A       43%         3
 Ice Form                 Ice/Tmut       4%         N/A       85%         4


Dungeon Overview and Level Annotations

Branches:
Dungeon (1/15)

Altars:


Innate Abilities, Weirdness & Mutations

Your plain brown scales are hard. (AC +4)
You cannot fit into any form of body armour.
You are cold-blooded and may be slowed by cold attacks.


Message History

The kobold closely misses you.
You hit the kobold.
You kill the kobold!
You barely miss the rat. The rat bites you.
You hit the rat.
Your tail-slap misses the rat.
The rat is moderately wounded.
A ball python comes into view.
The goblin hits you with a +0 club.
* * * LOW HITPOINT WARNING * * *
The rat barely misses you.
You barely miss the rat.
The rat is moderately wounded.
The ball python hisses angrily.
You barely miss the rat. You tail-slap the rat.
The rat is severely wounded.
The goblin misses you. The rat barely misses you.
The rat twitches its whiskers.
You hit the rat but do no damage.
The rat is severely wounded.
The rat bites you but does no damage.
You hit the rat but do no damage.
The rat is severely wounded.
The rat closely misses you.
You hit the rat.
You kill the rat!
You closely miss the goblin. The goblin hits you with a +0 club.
* * * LOW HITPOINT WARNING * * *
You hit the goblin.
The goblin is heavily wounded.
The goblin barely misses you.
You closely miss the goblin.
The goblin is heavily wounded.
The goblin closely misses you.
You hit the goblin.
You kill the goblin!
You closely miss the ball python. The ball python closely misses you. x2
A giant cockroach comes into view.
You barely miss the ball python.
Your tail-slap misses the ball python.
The ball python bites you.
You die...

## #### # ### ...#..
.##... .#... #....##
...##....#.. . ..#.
....##. ... #...#...#..#
### #....##.##..#...# ..
#....).S@.#...# ## . #.
>'B....##†.....##.# ..###<
##....#......#..#.#. #..#
#.).#...##).#.#.#..###.#.#
... #..#..#†..#..#.#...##.
.. .......##.##..##.#.##..
. #.#.##..#.....#.#..#..##
... #....#...##.##..##..
.. ..##......##...#..#.


You could see a giant cockroach and a ball python.

Vanquished Creatures
  A giant cockroach (D:1)
  2 goblins (D:1)
  A hobgoblin (D:1)
  A kobold (D:1)
  A rat (D:1)
6 creatures vanquished.

Notes
Turn   | Place    | Note
-------+----------+-------------------------------------------
     0 | D:1      | growler the Draconian Transmuter began the quest for the
                  | Orb.
     0 | D:1      | Reached XP level 1. HP: 16/16 MP: 3/3
    72 | D:1      | Slain by a ball python

Illustrated notes

Levels and vault maps discovered:
D:1:      erik_arrival_cave_to_civilisation [erik_arrival_cave_to_hall],
          layout_rooms, serial_shops, shop, nicolae_diamond_shop, shop,
          nicolae_shop_waterfront, nicolae_shop_crystal, minmay_misc_feat_iff,
          lexackson_kobold_supper

Action                   || total
-------------------------++-------
Melee: Unarmed           ||    30
       Tailslap          ||     3
Armor: Skin              ||     7
Dodge: Dodged            ||    14
